 Dungeon Sprint DCSS version 0.29-a0-275-g389c0b56f3 (webtiles) character file.

Game seed: 2706782545682163977

629 bromine the Cleaver (level 7, -1/74 HPs)
             Began as a Hill Orc Berserker on Mar 10, 2022.
             Was a Believer of Trog.
             Slain by Sonja
             ... wielding a +0 short sword of distortion
              (2 damage)
             ... in the Dungeon (Sprint I: "Red Sonja").
             The game lasted 00:03:58 (1621 turns).

bromine the Cleaver (Hill Orc Berserker)            Turns: 1621, Time: 00:03:58

Health: -1/74      AC:  5    Str: 22    XL:     7   Next: 48%
Magic:  7/7        EV: 13    Int:  7    God:    Trog [**....]
Gold:   204        SH:  0    Dex: 10    Spells: 6/6 levels left

rFire   . . .      SeeInvis .   k - +0 scythe
rCold   . . .      Faith    .   (shield currently unavailable)
rNeg    . . .      Spirit   .   m - +0 leather armour
rPois   .          Reflect  .   (no helmet)
rElec   .          Harm     .   (no cloak)
rCorr   .          Rampage  .   n - +1 pair of gloves {Stlth+}
Will    .....      NoTele   +   (no boots)
Stlth   +++.......              (no amulet)
HPRegen 0.22/turn               (no ring)
MPRegen 0.10/turn               (no ring)

@: lethally poisoned (-1 -> -5), on berserk cooldown, slowed, very slow
A: no striking features
a: Renounce Religion, Berserk, Trog's Hand


You were in the Dungeon.
You worshipped Trog.
Trog was pleased with you.
You visited 1 branch You collected 418 gold pieces.
You spent 214 gold pieces at shops.

Inventory:

Hand Weapons
 a - a +0 hand axe
 j - a +5 dagger of venom
 k - a +0 scythe (weapon)
Armour
 b - a +0 animal skin
 m - a +0 leather armour (worn)
 n - a +1 pair of gloves of stealth (worn)
Wands
 i - a wand of polymorph (13)
Scrolls
 h - a scroll of blinking
 l - a scroll of vulnerability {unknown}
Potions
 c - a potion of curing
 d - a potion of heal wounds
 e - a potion of haste
 f - 2 potions of magic
 g - a potion of berserk rage


   Skills:
 + Level 11.2 Fighting
 + Level 12.8(13.2) Axes
 + Level 4.1(8.1) Polearms
 + Level 5.3 Armour
 + Level 5.0 Dodging
 + Level 2.2 Stealth
 + Level 1.4 Unarmed Combat


You had 6 spell levels left.
You didn't know any spells.
Your spell library was empty.

Dungeon Overview and Level Annotations

Branches:
Dungeon (1/1)

Altars:
Cheibriados
Dithmenos
Elyvilon
Fedhas
Gozag
Hepliaklqana
Kikubaaqudgha
Makhleb
Nemelex Xobeh
Okawaru
Qazlal
Ru
Sif Muna
Trog
Uskayaw
Vehumet
Wu Jian
Xom
Yredelemnul
Zin
The Shining One
Jiyva
Lugonu

Shops:
D [

Annotations:
D Sonja


Message History

You feel a strong urge to attack something.
You feel very sick.
Sonja hits you with a +0 short sword of distortion.
Space warps around you. Sonja hits you but does no damage.
Space warps around you.
Sonja hits you with a +0 short sword of distortion.
You miss Sonja.
You feel very sick.
Sonja gestures wildly while chanting.
Sonja blinks!
You feel sick.
Sonja throws a curare-tipped dart.
The curare-tipped dart barely misses you.
You feel a strong urge to attack something.
You feel sick.
You are no longer berserk.
You are exhausted.
You feel as though you will be slow longer.
You feel sick. Sonja closely misses you. x3
You closely miss Sonja.
You feel very sick.
Sonja mumbles some strange words.
Sonja blinks!
You closely miss Sonja.
You feel sick.
You are no longer poisoned.
Sonja hits you with a +0 short sword of distortion!
Sonja barely misses you. Sonja hits you but does no damage.
Space warps horribly around you!
* * * LOW HITPOINT WARNING * * *
Sonja mumbles some strange words.
Sonja blinks!
Sonja throws a curare-tipped dart.
The curare-tipped dart hits you.
You are poisoned.
You have difficulty breathing.
* * * LOW HITPOINT WARNING * * *
You feel as though you will be slow longer.
* * * LOW HITPOINT WARNING * * *
You feel very sick. Sonja misses you.
Sonja hits you with a +0 short sword of distortion.
You die...

#..####..#...#.####
#..#__####..##.#
#..#_____##'#_.+
#⌠⌠#_.∩...'..._#
####_..__##_.#'#
#_____###'#.#
#########.### +$.$+
#$@$# ##K## #+#


You could see Sonja.

Vanquished Creatures
  A slime creature (D)
  Sigmund (D)
  A yak (D)
  An ogre (D)
  A jelly (D)
  Ijyb (D)
6 creatures vanquished.

Notes
Turn   | Place    | Note
-------+----------+-------------------------------------------
     0 | D        | bromine the Hill Orc Berserker began the quest for the Orb.
     0 | D        | Reached XP level 1. HP: 19/19 MP: 1/1
     2 | D        | Noticed Ijyb
    10 | D        | Killed Ijyb
    11 | D        | Reached skill level 5 in Fighting
    11 | D        | Reached skill level 6 in Axes
    11 | D        | Reached XP level 2. HP: 25/29 MP: 2/2
    11 | D        | Reached XP level 3. HP: 32/36 MP: 3/3
   362 | D        | Noticed an ogre
   366 | D        | Killed an ogre
   367 | D        | Reached skill level 8 in Axes
   367 | D        | Reached XP level 4. HP: 47/47 MP: 4/4
   379 | D        | Noticed Sigmund
   399 | D        | Killed Sigmund
   399 | D        | Reached ** piety under Trog
   400 | D        | Reached skill level 10 in Axes
   400 | D        | Reached skill level 1 in Stealth
   400 | D        | Reached skill level 1 in Unarmed Combat
   400 | D        | Reached XP level 5. HP: 22/57 MP: 5/5
   400 | D        | Reached XP level 6. HP: 25/64 MP: 6/6
   608 | D        | Found a burning altar of Makhleb.
   608 | D        | Found a viscous altar of Jiyva.
   608 | D        | Found a shimmering altar of Xom.
   608 | D        | Found a corrupted altar of Lugonu.
   608 | D        | Noticed a slime creature
   614 | D        | Killed a slime creature
   615 | D        | Reached skill level 10 in Fighting
   615 | D        | Reached skill level 12 in Axes
   615 | D        | Reached skill level 5 in Armour
   615 | D        | Reached XP level 7. HP: 38/73 MP: 7/7
   999 | D        | Found an ornate altar of the Wu Jian Council.
   999 | D        | Found a shimmering blue altar of Sif Muna.
  1001 | D        | Found a radiant altar of Vehumet.
  1283 | D        | Found Weryeme's Armour Emporium.
  1283 | D        | Found an ancient bone altar of Kikubaaqudgha.
  1283 | D        | Found a hazy altar of Hepliaklqana.
  1283 | D        | Found a stormy altar of Qazlal.
  1283 | D        | Found a hide-covered altar of Uskayaw.
  1283 | D        | Found a blossoming altar of Fedhas.
  1283 | D        | Found a bloodstained altar of Trog.
  1283 | D        | Found an iron altar of Okawaru.
  1283 | D        | Found a basalt altar of Yredelemnul.
  1283 | D        | Found a glowing golden altar of the Shining One.
  1283 | D        | Found a snail-covered altar of Cheibriados.
  1283 | D        | Found a sacrificial altar of Ru.
  1283 | D        | Found a glowing silver altar of Zin.
  1283 | D        | Found a shadowy altar of Dithmenos.
  1283 | D        | Found a white marble altar of Elyvilon.
  1283 | D        | Noticed a yak
  1284 | D        | Found an opulent altar of Gozag.
  1293 | D        | Killed a yak
  1294 | D        | Reached skill level 5 in Dodging
  1294 | D        | Found a sparkling altar of Nemelex Xobeh.
  1599 | D        | Bought a +1 pair of gloves of stealth for 214 gold pieces
  1611 | D        | Noticed Sonja
  1621 | D        | HP: 1/74 [poisoned by Sonja (curare-tipped dart)]
  1621 | D        | Slain by Sonja

Illustrated notes

Levels and vault maps discovered:
D:        dungeon_sprint_1 [red_sonja_temple_1, red_sonja_temple_small_1]

Skill      XL: |  1  2  3  4  5  6  7 |
---------------+----------------------+-----
Fighting       | 5 7 9 10 11 | 11.2
Axes           | 6 8 10 12 | 12.8
Dodging        | 2 4 5 |  5.0
Armour         | 3 4 5 |  5.3
Stealth        | 1 2 |  2.2
Unarmed Combat | 1 |  1.4
Polearms       | 2 4 |  4.1

Action                   |  1- 3 |  4- 6 |  7- 9 || total
-------------------------+-------+-------+-------++-------
Melee: Unarmed           |     4 |       |       ||     4
       Hand axe          |     6 |    17 |       ||    23
       Punch             |     1 |       |       ||     1
       Scythe            |       |     5 |    14 ||    19
Invok: Berserk           |     2 |     1 |     2 ||     5
Armor: Leather armour    |       |       |     2 ||     2
Dodge: Dodged            |     3 |    10 |    13 ||    26

Table legend: (Time is in decaauts)
 A = Elapsed time spent in this place.
 B = Non-inter-level travel time spent in this place.
 C = Inter-level travel time spent in this place.
 D = Time resting spent in this place.
 E = Time spent auto-exploring this place.
 F = Levels seen in this place.
 G = Mean time per level.
                   A        B        C        D        E       F      G
               +--------+--------+--------+--------+--------+-----+--------+
         Total |   1662 |   1662 |      0 |   1408 |      0 |   1 | 1662.0 |
       Dungeon |   1662 |   1662 |      0 |   1408 |      0 |   1 | 1662.0 |
               +--------+--------+--------+--------+--------+-----+--------+

Top non-repeatable levels by time:
       D: 1662 daAuts
